 Dungeon Crawl Stone Soup version 0.22.1-1-ga44c0e56f4 (webtiles) character file.

110 NochnoyZador the Chopper (level 4, 0/39 HPs)
             Began as a Hill Orc Fighter on Oct 16, 2018.
             Succumbed to an adder's poison
             ... on level 3 of the Dungeon.
             The game lasted 00:06:55 (1846 turns).

NochnoyZador the Chopper (Hill Orc Fighter)         Turns: 1846, Time: 00:06:56

Health: 0/39       AC:  6    Str: 19    XL:     4   Next: 91%
Magic:  4/4        EV:  7    Int:  8    God:
Gold:   133        SH:  9    Dex: 10    Spells: 3/3 levels left

rFire    . . .     SeeInvis .   a - +0 war axe
rCold    . . .     Gourm    .   c - +0 shield
rNeg     . . .     Faith    .   b - +0 scale mail
rPois    .         Spirit   .   (no helmet)
rElec    .         Reflect  .   (no cloak)
rCorr    .         Harm     .   (no gloves)
MR       .....                  (no boots)
Stlth    ..........             (no amulet)
HPRegen  0.13/turn              (no ring)
MPRegen  0.09/turn              (no ring)

@: lethally poisoned (0 -> -12), flying
A: no striking features
a: no special abilities


You were on level 3 of the Dungeon.
You were not hungry.

You visited 1 branch of the dungeon, and saw 3 of its levels.

You collected 133 gold pieces.

Inventory:

Hand Weapons
 a - a +0 war axe (weapon)
Missiles
 g - 19 sling bullets
 k - 24 stones (quivered)
Armour
 b - a +0 scale mail (worn)
 c - a +0 shield (worn)
 s - a cursed +0 leather armour
 v - a cursed +0 chain mail
Jewellery
 i - an uncursed amulet of magic regeneration
Scrolls
 e - a scroll of noise {unknown}
 h - a scroll of identify
 o - a scroll of fog {unknown}
 r - a scroll of enchant armour {unknown}
 t - a scroll of teleportation {unknown}
 u - a scroll of enchant weapon {unknown}
Potions
 d - a potion of might
 j - 2 potions of heal wounds
 l - a potion of agility {unknown}
 m - a potion of brilliance {unknown}
 n - a potion of mutation {unknown}
 p - a potion of flight
 q - a potion of degeneration {unknown}
Comestibles
 f - 4 rations
 w - 5 chunks of flesh


   Skills:
 - Level 3.6 Fighting
 * Level 6.5 Axes
 - Level 3.2 Armour
 - Level 3.2 Shields


You had 3 spell levels left.
You didn't know any spells.
Your spell library was empty.

Dungeon Overview and Level Annotations

Branches:
Dungeon (3/15)

Altars:


Message History

The adder is lightly wounded.
You closely miss the orc.
* * * LOW HITPOINT WARNING * * *
You feel sick. The adder bites you but does no damage.
The orc hits you but does no damage.
You closely miss the adder.
The adder is lightly wounded.
You barely miss the orc.
* * * LOW HITPOINT WARNING * * *
You feel sick. You block the adder's attack. The orc barely misses you.
You block the adder's attack.
You slash the adder!
You kill the adder!
You barely miss the orc.
* * * LOW HITPOINT WARNING * * *
You feel sick. You block the orc's attack.
It was a potion of flight.
You feel very buoyant.
You fly up into the air.
You die...

##.##...###.#
#..##...##..#
#..#8...8##..
########...#####
###8###8##...##8##
#.................
#.................
.######)(...............
......h@#8###8###⌠###8##
###...o#### ### ### ###
#...< #.... ####. ## ..
#. #. #. #. #. #.


You could see an orc and a jackal.

Vanquished Creatures
  Jessica (D:2)
  2 adders (D:3)
  An ooze (D:1)
  5 worms
  A dart slug (D:3)
  A leopard gecko (D:3)
  5 orcs (D:3)
  2 ball pythons
  2 goblins
  4 hobgoblins
  4 jackals
  2 kobolds (D:3)
  A quokka (D:3)
  6 bats
  2 frilled lizards
  2 rats (D:3)
41 creatures vanquished.

Notes
Turn   | Place    | Note
-------+----------+-------------------------------------------
     0 | D:1      | NochnoyZador the Hill Orc Fighter began the quest for the
                  | Orb.
     0 | D:1      | Reached XP level 1. HP: 19/19 MP: 1/1
    21 | D:1      | Reached skill level 3 in Axes
    61 | D:1      | Reached XP level 2. HP: 25/26 MP: 2/2
   177 | D:1      | Reached skill level 4 in Axes
   436 | D:2      | Noticed Jessica
   448 | D:2      | Killed Jessica
   448 | D:2      | Reached skill level 5 in Axes
   448 | D:2      | Reached XP level 3. HP: 26/31 MP: 3/3
  1393 | D:3      | Reached XP level 4. HP: 39/39 MP: 4/4
  1634 | D:3      | Reached skill level 6 in Axes
  1845 | D:3      | HP: 1/39 [poisoned by an adder]
  1846 | D:3      | Succumbed to an adder's poison

Skill      XL: |  1  2  3  4 |
---------------+-------------+-----
Axes           | 3 5 6 |  6.5
Fighting       | |  3.6
Armour         | |  3.2
Shields        | |  3.2

Action                   |  1- 3 |  4- 6 || total
-------------------------+-------+-------++-------
Melee: War axe           |    82 |    60 ||   142
  Use: Scroll            |     2 |     1 ||     3
       Potion            |       |     1 ||     1
  Eat: Chunk             |     2 |     1 ||     3
Armor: Scale mail        |    37 |    27 ||    64
Dodge: Dodged            |    32 |    17 ||    49
Block: Shield            |    48 |    35 ||    83
